 Dungeon Crawl Stone Soup version 0.27-a0-1334-g2746e35aca (webtiles) character file.

Game seed: 4484051008133687157

950 octoduck the Destroyer (level 7, -2/50 HPs)
             Began as a Yellow Draconian Conjurer on June 26, 2021.
             Was a Follower of Vehumet.
             Killed by nerve-wracking pain
             ... invoked by an orc priest
              (12 damage)
             ... on level 6 of the Dungeon on June 27, 2021.
             The game lasted 00:28:11 (10159 turns).

octoduck the Destroyer (Yellow Draconian Conjurer) Turns: 10159, Time: 00:28:11

Health: -2/50      AC:  7    Str:  9    XL:     7   Next: 90%
Magic:  3/10       EV: 12    Int: 20    God:    Vehumet [*.....]
Gold:   235        SH:  0    Dex: 10    Spells: 2/10 levels left

rFire    . . .     SeeInvis .   d - +3 dagger (protect)
rCold    . . .     Faith    .   (no shield)
rNeg     . . .     Spirit   .   (armour unavailable)
rPois    +         Reflect  .   (helmet restricted)
rElec    .         Harm     .   (no cloak)
rCorr    +         Rampage  .   (no gloves)
Will     .....                  e - +0 pair of boots
Stlth    ++........             (no amulet)
HPRegen  0.16/turn              n - ring of poison resistance
MPRegen  0.12/turn              (no ring)

@: no status effects
A: spit acid, AC +6, unfitting armour, cold-blooded, acid resistance
a: Breathe Acid, Renounce Religion


You were on level 6 of the Dungeon.
You worshipped Vehumet.
Vehumet was aware of your devotion.
You visited 1 branch of the dungeon, and saw 6 of its levels.

You collected 235 gold pieces.

Inventory:

Hand Weapons
 d - a +3 dagger of protection (weapon)
Missiles
 a - 11 boomerangs
 b - 35 poisoned darts
 c - 6 curare-tipped darts
Armour
 e - a +0 pair of boots (worn)
 l - a +0 pair of gloves
 t - a +0 buckler
Jewellery
 n - a ring of poison resistance (left hand)
 o - a ring of wizardry
Wands
 k - a wand of flame (18)
Scrolls
 i - 3 scrolls of teleportation
 m - 2 scrolls of identify
 q - a scroll of enchant armour
 u - a scroll of amnesia {unknown}
Potions
 f - a potion of curing
 g - 2 potions of haste
 h - a potion of ambrosia
 j - a potion of resistance
 p - 2 potions of flight {unknown}
 r - a potion of lignification {unknown}
 s - a potion of invisibility {unknown}


   Skills:
 - Level 1.7 Dodging
 - Level 1.7 Stealth
 - Level 2.0 Spellcasting
 + Level 8.2 Conjurations
 + Level 4.9 Hexes


You had 2 spell levels left.
You knew the following spells:

 Your Spells              Type           Power      Damage    Failure   Level
a - Shock                 Conj/Air       72%        1d7       3%          1
b - Dazzling Flash        Conj/Hex       56%        N/A       3%          3
c - Magic Dart            Conj           100%       1d8       1%          1
d - Confusing Touch       Hex            21%        N/A       6%          3

Your spell library contained the following spells:

 Spells                   Type           Power      Damage    Failure   Level
 Searing Ray              Conj           70%        3d5       1%          2
 Beastly Appendage        Tmut           4%         N/A       16%         1
 Wereblood                Tmut           2%         N/A       24%         2
 Fulminant Prism          Conj/Hex       14%        3d9       11%         4
 Iskenderun's Mystic Bla  Conj/Tloc      18%        2d6       28%         4
 Gell's Gravitas          Tloc           1%         N/A       43%         3
 Spider Form              Tmut/Pois      1%         N/A       43%         3
 Freezing Cloud           Conj/Ice/Air   6%         6-21      80%         5
 Ice Form                 Ice/Tmut       2%         N/A       83%         4
 Petrify                  Tmut/Erth      2%         N/A       83%         4
 Summon Ice Beast         Ice/Summ       2%         N/A       83%         4
 Metabolic Englaciation   Hex/Ice        5%         N/A       85%         5
 Yara's Violent Unravell  Hex/Tmut       5%         3d4       85%         5
 Simulacrum               Ice/Necr       1%         N/A       100%        6
 Ozocubu's Refrigeration  Ice            1%         4d5       100%        7


Dungeon Overview and Level Annotations

Branches:
Dungeon (6/15)
 Temple: D:4-7

Altars:
Fedhas
Hepliaklqana
Ru
Vehumet

Annotations:
D:3 Robin, Terence
D:6 exclusion: howler monkey


Innate Abilities, Weirdness & Mutations

You can spit globs of acid.
Your golden yellow scales are hard. (AC +6)
You cannot fit into any form of body armour.
You are cold-blooded and may be slowed by cold attacks.
You are resistant to acid. (rCorr)


Message History

The orc closely misses you.
The orc warrior hits you from afar with a +0 trident!
Your magical contamination has completely faded away.
The orc hits you but does no damage. The orc warrior closely misses you.
Casting: Confusing Touch (dangerous; 6% risk of failure)
Confirm with . or Enter, or press ? or * to list all spells.
Aiming: Shock (safe; 3% risk of failure)
Press: ? - help, Shift-Dir - straight line The zap hits the orc.
The orc is heavily wounded.
The zap hits the orc.
The orc is almost dead.
The zap hits the orc warrior.
The orc warrior is lightly wounded.
The orc hits you but does no damage.
The orc warrior hits you from afar with a +0 trident.
Casting: Shock (safe; 3% risk of failure)
Confirm with . or Enter, or press ? or * to list all spells.
The orc warrior is dazzled.
The orc hits you with a +0 whip.
The orc warrior hits you from afar with a +0 trident!
* * * LOW HITPOINT WARNING * * *
Unknown command.
Found 24 arrows.
You see here 24 arrows.
The orc warrior is no longer blind.
The orc priest shouts!
Casting: Dazzling Flash (dangerous; 3% risk of failure)
Confirm with . or Enter, or press ? or * to list all spells.
The orc is dazzled.
The orc warrior is dazzled.
The orc closely misses you. The orc warrior closely misses you.
Unknown command.
The orc warrior throws a boomerang.
The boomerang barely misses the orc.
The orc priest calls upon Beogh to heal the orc warrior.
The orc warrior's wounds heal themselves!
The orc warrior throws a boomerang.
The orc warrior is no longer blind.
The orc misses you.
The orc is no longer blind.
The orc priest calls down the wrath of Beogh upon you.
Pain shoots through your body!
You die...

..##.##.##...#<#.#...............
.o##.##.##.#........#############
..##.##.##...#.#.#..# #
.....##..#####......# #
#o#####..# ###.#..# # #.# #..#
#.#..# # #.#####..# #.#..# #
...)..#..# #.#..# ##########
#.###.#..#######@#..# #.........
#.# #......o........# ##.########
#.#####..#.#####o######.#.##
#..........o.....# #.###.#
.........#.####### ##.#.##
#.....####.# #..## ........##.#
#.## #.....#o##.# #.#
#.....#.##.# #.#


You could see an orc priest and an orc.

Vanquished Creatures
  Sigmund (D:5)
  2 scorpions
  2 water moccasin skeletons (D:5)
  A bullfrog zombie (D:6)
  A centaur zombie (D:5)
  A hound (D:6)
  4 iguanas (D:6)
  Natasha (thrice) (D:3)
  4 orc wizards
  5 adders
  4 gnolls (D:5)
  An ufetubus (D:5)
  3 worms
  2 dart slugs
  16 orcs
  5 endoplasms
  A giant cockroach (D:3)
  11 goblins
  2 hobgoblins
  14 jackals
  6 quokkas
  7 ball pythons
  6 bats
  11 frilled lizards
  5 kobolds
  5 rats
123 creatures vanquished.

Vanquished Creatures (others)
  2 plants (D:3)
2 creatures vanquished.

Grand Total: 125 creatures vanquished

Notes
Turn   | Place    | Note
-------+----------+-------------------------------------------
     0 | D:1      | octoduck the Draconian Conjurer began the quest for the
                  | Orb.
     0 | D:1      | Reached XP level 1. HP: 14/14 MP: 3/3
   180 | D:1      | Reached XP level 2. HP: 20/20 MP: 1/5
  1632 | D:1      | Identified a scroll of acquirement
  1632 | D:1      | Acquired a book of Ice
  1732 | D:2      | Reached skill level 5 in Conjurations
  1741 | D:2      | Reached XP level 3. HP: 26/26 MP: 1/6
  2884 | D:3      | Noticed Robin
  2983 | D:3      | Reached XP level 4. HP: 33/33 MP: 4/7
  3964 | D:3      | Noticed Terence
  4007 | D:2      | Learned a level 3 spell: Dazzling Flash
  4117 | D:3      | Found a radiant altar of Vehumet.
  4117 | D:3      | Noticed Natasha
  4118 | D:3      | Found a hazy altar of Hepliaklqana.
  4127 | D:3      | Killed Natasha
  4128 | D:3      | Reached skill level 6 in Conjurations
  4285 | D:3      | Became a worshipper of Vehumet
  4302 | D:3      | Noticed Natasha
  4307 | D:3      | Killed Natasha
  4308 | D:3      | Reached skill level 1 in Hexes
  4308 | D:3      | Reached XP level 5. HP: 30/38 MP: 2/8
  4318 | D:3      | Noticed Natasha
  4333 | D:3      | Killed Natasha
  5343 | D:4      | Found a sacrificial altar of Ru.
  5490 | D:4      | Reached XP level 6. HP: 45/45 MP: 1/9
  5773 | D:5      | Entered Level 5 of the Dungeon
  6018 | D:5      | Reached skill level 7 in Conjurations
  6068 | D:5      | Noticed Sigmund
  6191 | D:5      | Reached * piety under Vehumet
  6191 | D:5      | Offered knowledge of Shock by Vehumet.
  6226 | D:5      | Learned a level 1 spell: Shock
  7615 | D:6      | Noticed an orc warrior
  7778 | D:6      | Your scales start taking on a golden yellow colour.
  7778 | D:6      | Reached XP level 7. HP: 40/50 MP: 3/10
  7778 | D:6      | Gained mutation: You are resistant to acid. (rCorr) [Yellow
                  | Draconian growth]
  7922 | D:6      | Found a blossoming altar of Fedhas.
  8640 | D:5      | Learned a level 3 spell: Confusing Touch
  9624 | D:5      | Killed Sigmund
  9625 | D:5      | Reached skill level 8 in Conjurations
 10159 | D:6      | Killed from afar by an orc priest

Illustrated notes

Levels and vault maps discovered:
D:1:      saegor_arrival_simple_e, layout_basic, minmay_lizard_pond
D:2:      layout_rooms
D:3:      layout_basic, gammafunk_temple_overflow_pools, serial_bayou_pond_b,
          minmay_misc_feat_nine_boxes, minmay_statues_item, st_stairs_10,
          uniq_robin, uniq_terence, uniq_natasha
D:4:      layout_basic, overflow_temple_1_default
D:5:      layout_basic, tgw_kikubaaqudgha, serial_co_window_serial,
          co_window_of_opportunity_a, co_window_corner_a, co_window_paths_b,
          co_window_paths_a, co_window_of_opportunity_a, co_window_broadway_b,
          co_window_broadway_b, co_window_unsneaky_path_b, co_window_broadway_b,
          co_window_2corner, co_window_paths_d, glass_columns_a,
          glass_columns_a, st_stairs_9, uniq_sigmund
D:6:      layout_loops_ring, lemuel_tele_altar, minmay_temple_entry_mist

Skill      XL: |  1  2  3  4  5  6  7 |
---------------+----------------------+-----
Conjurations   | 5 6 7 8 |  8.2
Hexes          | 1 2 3 4 |  4.9
Dodging        | |  1.7
Stealth        | |  1.7
Spellcasting   | |  2.0

Action                   |  1- 3 |  4- 6 |  7- 9 || total
-------------------------+-------+-------+-------++-------
Melee: Short sword       |    10 |       |       ||    10
       Dagger            |    20 |    72 |    47 ||   139
       Tailslap          |     3 |     3 |     6 ||    12
 Cast: Magic Dart        |   105 |   113 |     1 ||   219
       Shock             |       |    24 |    50 ||    74
       Dazzling Flash    |       |     9 |     9 ||    18
       Confusing Touch   |       |       |     4 ||     4
 Abil: Breathe Acid      |       |       |     1 ||     1
  Use: Scroll            |     5 |     6 |       ||    11
       Potion            |       |     1 |       ||     1
 Stab: Confused          |       |       |     1 ||     1
Armor: Skin              |    13 |    34 |    30 ||    77
Dodge: Dodged            |    18 |    59 |    44 ||   121

Table legend: (Time is in decaauts)
 A = Elapsed time spent in this place.
 B = Non-inter-level travel time spent in this place.
 C = Inter-level travel time spent in this place.
 D = Time resting spent in this place.
 E = Time spent auto-exploring this place.
 F = Levels seen in this place.
 G = Mean time per level.
                   A        B        C        D        E       F      G
               +--------+--------+--------+--------+--------+-----+--------+
         Total |  10191 |   9481 |    710 |   3980 |   3884 |   6 | 1698.5 |
       Dungeon |  10191 |   9481 |    710 |   3980 |   3884 |   6 | 1698.5 |
               +--------+--------+--------+--------+--------+-----+--------+

Top non-repeatable levels by time:
     D:5: 2533 daAuts
     D:4: 2451 daAuts
     D:1: 1710 daAuts
     D:3: 1652 daAuts
     D:2: 1126 daAuts
     D:6: 717 daAuts
